 Dungeon Crawl Stone Soup version 0.23-a0-261-g133332c (webtiles) character file.

93 HarryHood the Cudgeler (level 4, -1/28 HPs)
             Began as a Gargoyle Berserker on Sept 29, 2018.
             Was a Believer of Trog.
             Killed by divine providence
             ... invoked by an orc priest
              (8 damage)
             ... on level 3 of the Dungeon.
             The game lasted 00:11:11 (2087 turns).

HarryHood the Cudgeler (Gargoyle Berserker)         Turns: 2087, Time: 00:11:12

Health: -1/28      AC: 11    Str: 21    XL:     4   Next: 62%
Magic:  4/4        EV: 11    Int:  7    God:    Trog [**....]
Gold:   133        SH:  0    Dex: 10    Spells: 3/3 levels left

rFire    . . .     SeeInvis .   a - +0 mace
rCold    . . .     Gourm    .   (no shield)
rNeg     + . .     Faith    .   j - +0 ring mail
rPois    ∞         Spirit   .   k - +0 helmet
rElec    +         Reflect  .   h - +0 cloak
rCorr    .         Harm     .   (no gloves)
MR       .....                  (no boots)
Stlth    ..........             (no amulet)
HPRegen  0.09/turn              (no ring)
MPRegen  0.09/turn              (no ring)

@: no status effects
A: negative energy resistance 1, electricity resistance, unbreathing,
petrification resistance, rot immunity, AC +3
a: Berserk, Trog's Hand, Renounce Religion


You were on level 3 of the Dungeon.
You worshipped Trog.
Trog was pleased with you.
You were not hungry.

You visited 1 branch of the dungeon, and saw 3 of its levels.

You collected 133 gold pieces.

Inventory:

Hand Weapons
 a - a +0 mace (weapon)
 b - a +1 hunting sling
Missiles
 l - 138 stones (quivered)
 n - 56 sling bullets
Armour
 h - a +0 cloak (worn)
 j - a +0 ring mail (worn)
 k - a +0 helmet (worn)
Scrolls
 d - 3 scrolls of teleportation {@r0}
 m - a scroll of enchant weapon
 r - 2 scrolls of identify
Potions
 c - a potion of heal wounds {@q1}
 g - a potion of lignification {!q}
 i - a potion of resistance {unknown}
Comestibles
 e - 4 rations {@e1}
 f - 5 chunks of flesh


   Skills:
 - Level 3.2 Fighting
 + Level 5.2 Maces & Flails
 - Level 2.1 Armour
 - Level 1.5 Dodging


You had 3 spell levels left.
You didn't know any spells.
Your spell library was empty.

Dungeon Overview and Level Annotations

Branches:
Dungeon (3/15)

Altars:
Qazlal
Trog
Wu Jian


Innate Abilities, Weirdness & Mutations

You are resistant to torment.
Your stone body is resilient. (AC +3)
You are immune to poison.
You resist negative energy. (rN+)
You are resistant to electric shocks. (rElec)
You can survive without breathing.
You are immune to petrification.
You are immune to rotting.


Message History

You kill the orc!
Trog accepts your kill.
You hit the orc but do no damage.
The orc hits you with an enchanted whip.
You take 3 damage, and have 14/28 hp.
You hit the orc but do no damage. The orc closely misses you.
You barely miss the orc.
The orc hits you with an enchanted whip.
The orc hits you but does no damage.
You take 1 damage, and have 13/28 hp.
You hit the orc. The orc closely misses you.
You hit the orc.
You kill the orc!
Trog accepts your kill.
The orc priest mumbles some strange prayers to Beogh against you.
Beogh smites you!
* * * LOW HITPOINT WARNING * * *
The orc priest mumbles some strange prayers to Beogh against you.
Beogh smites you!
You die...

### ..###..
.......###
...oo..oo#
).....##o# .o.##
#@## . #..##
##..##
###..#####
#........#
..###........#
#............#
#..####........#
#.............##


You could see an orc priest and 2 orcs.

Vanquished Creatures
  2 adders (D:2)
  3 worms (D:2)
  3 leopard geckos (D:2)
  4 orcs (D:3)
  9 bats
  2 giant cockroaches
  5 goblins
  9 hobgoblins
  5 jackals
  2 quokkas (D:2)
  2 frilled lizards
  2 kobolds (D:2)
  9 rats
57 creatures vanquished.

Notes
Turn   | Place    | Note
-------+----------+-------------------------------------------
     0 | D:1      | HarryHood the Gargoyle Berserker began the quest for the
                  | Orb.
     0 | D:1      | Reached XP level 1. HP: 14/14 MP: 1/1
   356 | D:1      | Reached XP level 2. HP: 18/19 MP: 2/2
  1080 | D:2      | Reached skill level 4 in Maces & Flails
  1080 | D:2      | Reached XP level 3. HP: 23/23 MP: 3/3
  1219 | D:2      | Reached ** piety under Trog
  1315 | D:2      | Reached XP level 4. HP: 28/28 MP: 4/4
  1551 | D:2      | Reached skill level 5 in Maces & Flails
  1757 | D:2      | Found a bloodstained altar of Trog.
  1761 | D:2      | Found an ornate altar of the Wu Jian Council.
  1764 | D:2      | Found a stormy altar of Qazlal.
  2087 | D:3      | Killed from afar by an orc priest

Vault maps used:
D:1:      dpeg_arrival_radiant
D:2:      grunt_temple_overflow_diamond, kennysheep_generic_room_10
D:3:      minmay_misc_feat_iff, lemuel_another_geyser

Skill      XL: |  1  2  3  4 |
---------------+-------------+-----
Maces & Flails | 4 5 |  5.2
Fighting       | |  3.2
Armour         | |  2.1
Dodging        | |  1.5

Action                   |  1- 3 |  4- 6 || total
-------------------------+-------+-------++-------
Melee: Mace              |    97 |    98 ||   195
  Use: Scroll            |     5 |     3 ||     8
  Eat: Chunk             |     1 |     3 ||     4
Armor: Ring mail         |    42 |    37 ||    79
       Animal skin       |     2 |       ||     2
Dodge: Dodged            |    65 |    55 ||   120

Table legend:
 A = Non-vault XP
 B = Vault XP
 C = Vault XP percentage of total XP
 D = Non-vault monster count
 E = Vault monster count
 F = Vault count percentage of total count
                 A         B        C        D         E       F
            +---------+---------+-------+---------+---------+-------
      Total |     132 |       2 |   1.5 |      56 |       1 |   1.8
            +---------+---------+-------+---------+---------+-------
        D:1 |      28 |       0 |   0.0 |      18 |       0 |   0.0
        D:2 |      81 |       2 |   2.4 |      27 |       1 |   3.6
        D:3 |      23 |       0 |   0.0 |      11 |       0 |   0.0
            +---------+---------+-------+---------+---------+-------
